| TOP OF THE 1ST |
|
Kansas City Royals batting - Pitching for Montreal Expos : LHP Kyle Schlosschlonghair
|
|
Pitching: LHP Kyle Schlosschlonghair
|
|
|
Batting: RHB Aaron Matthews
|
0-0: Called Strike 0-1: Fly out, F9 (Line Drive, 9, EV 90.6 MPH)
|
|
Batting: RHB Adriaan Pieters
|
0-0: Ball 1-0: Foul Ball, location: 2F 1-1: Ball 2-1: Ground out 5-3 (Groundball, 56S, EV 81.3 MPH)
|
|
Batting: LHB Mike Meyerhoff
|
0-0: Ball 1-0: Foul Ball, location: 2F 1-1: Fly out, F8 (Flyball, 78D, EV 87.5 MPH)
|
| Top of the 1st over - 0 runs, 0 hits, 0 errors, 0 left on base; Kansas City 0 - Montreal 0 |
| BOTTOM OF THE 1ST |
|
Montreal Expos batting - Pitching for Kansas City Royals : RHP Bill Snyder
|
|
Pitching: RHP Bill Snyder
|
|
|
Batting: RHB Robby Juarez
|
0-0: Called Strike 0-1: Ball 1-1: Swinging Strike 1-2: Ball 2-2: Strikes out swinging
|
|
Batting: LHB Steve Anderson
|
0-0: Ball 1-0: Foul Ball, location: 2F 1-1: Ground out 4-3 (Groundball, 34D, EV 86.9 MPH)
|
|
Batting: RHB Mike Salmon
|
0-0: Called Strike 0-1: Foul Ball, location: 2F 0-2: Ball 1-2: Ball 2-2: Strikes out looking
|
| Bottom of the 1st over - 0 runs, 0 hits, 0 errors, 0 left on base; Kansas City 0 - Montreal 0 |
| TOP OF THE 2ND |
|
Kansas City Royals batting - Pitching for Montreal Expos : LHP Kyle Schlosschlonghair
|
|
Batting: SHB Tony Prado
|
0-0: Called Strike 0-1: Called Strike 0-2: Strikes out swinging
|
|
Batting: SHB Gareth Busby
|
0-0: Ball 1-0: Called Strike 1-1: Fly out, F8 (Flyball, 8LM, EV 87.5 MPH)
|
|
Batting: RHB Jordan Diaz
|
0-0: Ball 1-0: Foul Ball, location: 2F 1-1: Foul Ball, location: 2F 1-2: Foul Ball, location: 2F 1-2: Ball 2-2: Strikes out swinging
|
| Top of the 2nd over - 0 runs, 0 hits, 0 errors, 0 left on base; Kansas City 0 - Montreal 0 |
| BOTTOM OF THE 2ND |
|
Montreal Expos batting - Pitching for Kansas City Royals : RHP Bill Snyder
|
|
Batting: LHB Jimmy Buscemi
|
0-0: Ball 1-0: Called Strike 1-1: Foul Ball, location: 2F 1-2: Strikes out swinging
|
|
Batting: SHB Bran Stark
|
0-0: Ball 1-0: Foul Ball, location: 2F 1-1: Ball 2-1: Foul Ball, location: 2F 2-2: SINGLE (Groundball, 3D, EV 97.5 MPH)
|
|
Batting: RHB John Ham
|
0-0: Grounds into double play, 3-6-1 (Groundball, 3S, EV 77.5 MPH)
|
| Bottom of the 2nd over - 0 runs, 1 hit, 0 errors, 0 left on base; Kansas City 0 - Montreal 0 |
| TOP OF THE 3RD |
|
Kansas City Royals batting - Pitching for Montreal Expos : LHP Kyle Schlosschlonghair
|
|
Batting: RHB Jason Gee
|
0-0: Ground out 4-3 (Groundball, 4, EV 83.1 MPH)
|
|
Batting: RHB Emilio Gallegos
|
0-0: Ball 1-0: Called Strike 1-1: Foul Ball, location: 2F 1-2: Ball 2-2: Ground out 3-1 (Groundball, 34, EV 80.0 MPH)
|
|
Batting: RHB Victor Moya
|
0-0: Called Strike 0-1: Ball 1-1: Ball 2-1: SOLO HOME RUN (Flyball, 9LD, EV 95.0 MPH), Distance : 339 ft
|
|
Batting: RHB Aaron Matthews
|
0-0: Called Strike 0-1: Ball 1-1: Ground out 6-3 (Groundball, 6, EV 77.5 MPH)
|
| Top of the 3rd over - 1 run, 1 hit, 0 errors, 0 left on base; Kansas City 1 - Montreal 0 |
| BOTTOM OF THE 3RD |
|
Montreal Expos batting - Pitching for Kansas City Royals : RHP Bill Snyder
|
|
Batting: RHB Nick Sharp
|
0-0: Ball 1-0: Fly out, F8 (Line Drive, 8LD, EV 88.8 MPH)
|
|
Batting: RHB Danny Diaz
|
0-0: Ball 1-0: Called Strike 1-1: Ground out U3 (Groundball, 3, EV 94.4 MPH)
|
|
Batting: RHB Wing-kit Bu
|
0-0: Called Strike 0-1: Ball 1-1: Ground out 4-3 (Groundball, 34D, EV 83.8 MPH)
|
| Bottom of the 3rd over - 0 runs, 0 hits, 0 errors, 0 left on base; Kansas City 1 - Montreal 0 |
| TOP OF THE 4TH |
|
Kansas City Royals batting - Pitching for Montreal Expos : LHP Kyle Schlosschlonghair
|
|
Batting: RHB Adriaan Pieters
|
0-0: Ball 1-0: Ball 2-0: Ball 3-0: Called Strike 3-1: Called Strike 3-2: Fly out, F9 (Line Drive, 9, EV 87.5 MPH)
|
|
Batting: LHB Mike Meyerhoff
|
0-0: Ball 1-0: Called Strike 1-1: Ball 2-1: SINGLE (Line Drive, 9LM, EV 101.9 MPH)
|
|
Batting: SHB Tony Prado
|
0-0: Ball 1-0: Fly out, F8 (Line Drive, 8LM, EV 93.1 MPH)
|
|
Batting: SHB Gareth Busby
|
0-0: Called Strike 0-1: SINGLE (Groundball, 6MD, EV 97.5 MPH) Mike Meyerhoff to second Runner from 2nd tries for 3rd, SAFE, throw by CF made to third Gareth Busby to second
|
|
Batting: RHB Jordan Diaz
|
0-0: Ball 1-0: Fly out, F3 (Popup, 3F, EV 60.0 MPH)
|
| Top of the 4th over - 0 runs, 2 hits, 0 errors, 2 left on base; Kansas City 1 - Montreal 0 |
| BOTTOM OF THE 4TH |
|
Montreal Expos batting - Pitching for Kansas City Royals : RHP Bill Snyder
|
|
Batting: RHB Robby Juarez
|
0-0: Ball 1-0: Called Strike 1-1: Ball 2-1: Ball 3-1: SINGLE (Groundball, 56D, EV 79.4 MPH) (infield hit)
|
|
Batting: LHB Steve Anderson
|
0-0: Ball Robby Juarez steals 2nd base 1-0: Ball Wild Pitch! Robby Juarez to third 2-0: Ground out 4-3 (Groundball, 4M, EV 84.4 MPH) Robby Juarez scores
|
|
Batting: RHB Mike Salmon
|
0-0: Ball 1-0: Called Strike 1-1: Ball 2-1: Foul Ball, location: 2F 2-2: DOUBLE (Line Drive, 78D, EV 109.4 MPH)
|
|
Batting: LHB Jimmy Buscemi
|
0-0: Called Strike 0-1: Foul Ball, location: 2F 0-2: Strikes out swinging
|
|
Batting: SHB Bran Stark
|
0-0: Ball 1-0: Foul Ball, location: 2F 1-1: Ball 2-1: Foul Ball, location: 2F 2-2: Fly out, F7 (Line Drive, 7LM, EV 103.8 MPH)
|
| Bottom of the 4th over - 1 run, 2 hits, 0 errors, 1 left on base; Kansas City 1 - Montreal 1 |
| TOP OF THE 5TH |
|
Kansas City Royals batting - Pitching for Montreal Expos : LHP Kyle Schlosschlonghair
|
|
Pitching: RHP Jim Averette
|
|
|
Batting: RHB Jason Gee
|
0-0: Ball 1-0: Ball 2-0: Ball 3-0: Base on Balls
|
|
Batting: RHB Emilio Gallegos
|
0-0: Called Strike 0-1: Foul Ball, location: 2F 0-2: Ball 1-2: Fly out, F6 (Popup, 6MS, EV 70.6 MPH)
|
|
Batting: RHB Victor Moya
|
0-0: Ball 1-0: SINGLE (Groundball, 34D, EV 96.9 MPH) Jason Gee to second Runner from 2nd tries for 3rd, SAFE, throw by RF made to third Victor Moya to second
|
|
Batting: RHB Aaron Matthews
|
0-0: Ball 1-0: Ball 2-0: Ground out U3 (Groundball, 34, EV 100.6 MPH)
|
|
Batting: RHB Adriaan Pieters
|
0-0: Ball 1-0: Foul Ball, location: 2F 1-1: Fly out, F7 (Flyball, 78M, EV 90.0 MPH)
|
| Top of the 5th over - 0 runs, 1 hit, 0 errors, 2 left on base; Kansas City 1 - Montreal 1 |
| BOTTOM OF THE 5TH |
|
Montreal Expos batting - Pitching for Kansas City Royals : RHP Bill Snyder
|
|
Pitching: RHP Guadalupe Vasguez
|
|
|
Pinch Hitting: SHB Hans Mikkelsen
|
0-0: Ground out U3 (Groundball, 34, EV 79.4 MPH)
|
|
Batting: RHB Nick Sharp
|
0-0: Ball 1-0: Foul Ball, location: 2F 1-1: Fly out, F3 (Popup, 3SF, EV 86.9 MPH)
|
|
Pinch Hitting: LHB Robin More
|
0-0: Ball 1-0: Ground out 5-3 (Groundball, 56, EV 80.0 MPH)
|
| Bottom of the 5th over - 0 runs, 0 hits, 0 errors, 0 left on base; Kansas City 1 - Montreal 1 |
| TOP OF THE 6TH |
|
Kansas City Royals batting - Pitching for Montreal Expos : RHP Jim Averette
|
|
Now at 2B: Danny Hull
|
|
|
Now in LF: Hans Mikkelsen
|
|
|
Batting: LHB Mike Meyerhoff
|
0-0: Called Strike 0-1: Ball 1-1: Called Strike 1-2: Fly out, F4 (Popup, 4MD, EV 43.8 MPH)
|
|
Batting: SHB Tony Prado
|
0-0: Ball 1-0: Called Strike 1-1: Ball 2-1: Called Strike 2-2: SINGLE (Groundball, 4S, EV 71.3 MPH) (infield hit)
|
|
Batting: SHB Gareth Busby
|
0-0: Ball 1-0: Ball 2-0: Grounds into double play, 5-4-3 (Groundball, 56, EV 111.3 MPH)
|
| Top of the 6th over - 0 runs, 1 hit, 0 errors, 0 left on base; Kansas City 1 - Montreal 1 |
| BOTTOM OF THE 6TH |
|
Montreal Expos batting - Pitching for Kansas City Royals : RHP Guadalupe Vasguez
|
|
Pinch Hitting: RHB Hugo Bautista
|
0-0: Ball 1-0: Foul Ball, location: 2F 1-1: Ball 2-1: Ball 3-1: Ground out 4-3 (Groundball, 4, EV 94.4 MPH)
|
|
Batting: RHB Robby Juarez
|
0-0: Fly out, F3 (Line Drive, 3, EV 66.9 MPH)
|
|
Batting: LHB Steve Anderson
|
0-0: Called Strike 0-1: Foul Ball, location: 2F 0-2: Ball 1-2: Strikes out swinging
|
| Bottom of the 6th over - 0 runs, 0 hits, 0 errors, 0 left on base; Kansas City 1 - Montreal 1 |
| TOP OF THE 7TH |
|
Kansas City Royals batting - Pitching for Montreal Expos : RHP Jim Averette
|
|
Pitching: RHP Joe Butler
|
|
|
Now in LF: Hugo Bautista
|
|
|
Now in CF: Bran Stark
|
|
|
Now in RF: Hans Mikkelsen
|
|
|
Batting: RHB Jordan Diaz
|
0-0: Ball 1-0: Ground out 5-3 (Groundball, 56S, EV 75.6 MPH)
|
|
Batting: RHB Jason Gee
|
0-0: Ball 1-0: Called Strike 1-1: Foul Ball, location: 2F 1-2: Strikes out swinging
|
|
Batting: RHB Emilio Gallegos
|
0-0: Ball 1-0: Ball 2-0: Called Strike 2-1: Foul Ball, location: 2F 2-2: Strikes out swinging
|
| Top of the 7th over - 0 runs, 0 hits, 0 errors, 0 left on base; Kansas City 1 - Montreal 1 |
| BOTTOM OF THE 7TH |
|
Montreal Expos batting - Pitching for Kansas City Royals : RHP Guadalupe Vasguez
|
|
Batting: RHB Mike Salmon
|
0-0: Called Strike 0-1: Ground out 1-3 (Groundball, 15S, EV 67.5 MPH)
|
|
Batting: LHB Jimmy Buscemi
|
0-0: Ball 1-0: Ball 2-0: Ball 3-0: Called Strike 3-1: Foul Ball, location: 2F 3-2: Foul Ball, location: 2F 3-2: Base on Balls
|
|
Batting: SHB Bran Stark
|
0-0: Foul Ball, location: 2F 0-1: Ball 1-1: DOUBLE (Line Drive, 78D, EV 109.4 MPH) Jimmy Buscemi to third
|
|
Batting: SHB Hans Mikkelsen
|
0-0: Ball 1-0: Called Strike 1-1: Foul Ball, location: 2F 1-2: Ground out 4-3 (Groundball, 34, EV 81.9 MPH)
|
|
Batting: RHB Nick Sharp
|
0-0: Called Strike 0-1: Fly out, F7 (Flyball, 78XD, EV 83.8 MPH)
|
| Bottom of the 7th over - 0 runs, 1 hit, 0 errors, 2 left on base; Kansas City 1 - Montreal 1 |
| TOP OF THE 8TH |
|
Kansas City Royals batting - Pitching for Montreal Expos : RHP Joe Butler
|
|
Pinch Hitting: LHB Manny Estrada
|
0-0: Ground out U3 (Groundball, 3, EV 91.9 MPH)
|
|
Pinch Hitting: RHB Avery Maxwell
|
0-0: Ball 1-0: Ball 2-0: Called Strike 2-1: Foul Ball, location: 2F 2-2: Strikes out looking
|
|
Pinch Hitting: RHB Imbart Faber
|
0-0: Ball 1-0: Ground out 5-3 (Groundball, 5S, EV 94.4 MPH)
|
| Top of the 8th over - 0 runs, 0 hits, 0 errors, 0 left on base; Kansas City 1 - Montreal 1 |
| BOTTOM OF THE 8TH |
|
Montreal Expos batting - Pitching for Kansas City Royals : RHP Guadalupe Vasguez
|
|
Pitching: LHP John Brooks
|
|
|
Now at 1B: Manny Estrada
|
|
|
Now at 2B: Avery Maxwell
|
|
|
Now in RF: Imbart Faber
|
|
|
Pinch Hitting: RHB Wen-hua Lei
|
0-0: Foul Ball, location: 2F 0-1: Ball 1-1: Foul Ball, location: 2F 1-2: Ball 2-2: SOLO HOME RUN (Flyball, 7D, EV 105.6 MPH), Distance : 401 ft
|
|
Batting: RHB Hugo Bautista
|
0-0: TRIPLE (Line Drive, 78XD, EV 112.5 MPH)
|
|
Pinch Hitting: RHB Jesse Basich
|
0-0: Bunted foul 0-1: Ball 1-1: Ball 2-1: Squeeze Bunt to 13S - play home, runner scores, batter safe! Hugo Bautista scores
|
|
Batting: LHB Steve Anderson
|
0-0: Ball Jesse Basich is caught stealing 2nd base 2-6 1-0: Ground out U3 (Groundball, 3, EV 108.1 MPH)
|
|
Batting: SHB Pete Barutha
|
0-0: Ball 1-0: Foul Ball, location: 2F 1-1: Called Strike 1-2: Strikes out looking
|
| Bottom of the 8th over - 2 runs, 2 hits, 0 errors, 0 left on base; Kansas City 1 - Montreal 3 |
| TOP OF THE 9TH |
|
Kansas City Royals batting - Pitching for Montreal Expos : RHP Joe Butler
|
|
Pitching: RHP Alan Taylor
|
|
|
Now at 2B: Jesse Basich
|
|
|
Now at SS: Wen-hua Lei
|
|
|
Pinch Hitting: LHB Sam Britt
|
0-0: Ground out 4-3 (Groundball, 4, EV 88.1 MPH)
|
|
Batting: SHB Tony Prado
|
0-0: Swinging Strike 0-1: Called Strike 0-2: Ball 1-2: Foul Ball, location: 2F 1-2: Foul Ball, location: 2F 1-2: Ball 2-2: Ball 3-2: Base on Balls
|
|
Batting: SHB Gareth Busby
|
0-0: Ball 1-0: Fielders Choice at 2nd, 5-4 (Groundball, 5L, EV 98.8 MPH)
|
|
Batting: RHB Bob Najar
|
0-0: Foul Ball, location: 2F 0-1: Ball 1-1: Called Strike 1-2: Strikes out looking
|
| Top of the 9th over - 0 runs, 0 hits, 0 errors, 1 left on base; Kansas City 1 - Montreal 3 |
|